 Dungeon Crawl Stone Soup version 0.28-a0-628-g3c9886e45e (webtiles) character file.

Game seed: 17870328569227268427

8514 kae the Martial Artist (level 9, -2/94 HPs)
             Began as a Purple Draconian Transmuter on Oct 8, 2021.
             Was a Believer of Ru.
             Hit by a javelin thrown by a minotaur (19 damage)
             ... in a Gauntlet.
             The game lasted 00:09:58 (15285 turns).

kae the Martial Artist (DrTm)                      Turns: 15285, Time: 00:09:58

Health: -2/94      AC:  9    Str: 10    XL:     9   Next: 10%
Magic:  27/27      EV: 11    Int: 20    God:    Ru [**....]
Gold:   434        SH:  0    Dex: 13    Spells: 12/20 levels left

rFire   x . .      SeeInvis .     - Unarmed
rCold   + + +      Faith    .   (shield currently unavailable)
rNeg    . . .      Spirit   .   (armour unavailable)
rPois   +          Reflect  .   (helmet currently unavailable)
rElec   +          Harm     .   (cloak currently unavailable)
rCorr   .          Rampage  .   (gloves currently unavailable)
Will    +....      NoTele   +   (boots currently unavailable)
Stlth   +.........              r - amulet of magic regeneration
HPRegen 0.25/turn               k - ring "Nyinuivy" {rElec rPois MP+9 Int+4}
MPRegen 0.45/turn               o - ring of wizardry

@: ice-form, very slightly contaminated
A: freezing attack, amphibious, boosted hp, (breathe power), AC +7, large,
unfitting armour, weak 1, (cold-blooded), inexperienced 1
a: End Transformation, Renounce Religion


You were in a Gauntlet.
You worshipped Ru.
Ru was pleased with you.
You were a creature of crystalline ice.
You visited 2 branches of the dungeon, and saw 12 of its levels.
You also visited: Gauntlet.

You collected 659 gold pieces.
You spent 225 gold pieces at shops.

Inventory:

Hand Weapons
 f - a +2 dagger of venom (melded)
 t - the +5 short sword of Animal Spirits {flame, rC+ rN+}
   (You found it in a Gauntlet)

   It burns those it strikes, dealing additional fire damage.
   rC:        It protects you from cold.
   rN:        It protects you from negative energy.
Missiles
 h - 4 throwing nets
Armour
 q - a +1 cloak (melded)
Jewellery
 a - an amulet of faith
 k - the ring "Nyinuivy" (left front paw) {rElec rPois MP+9 Int+4}
   (You acquired it on level 6 of the Dungeon)

   [ring of poison resistance]

   Int:       It affects your intelligence (+4).
   rElec:     It insulates you from electricity.
   rPois:     It protects you from poison.
   MP:        It affects your magic capacity (+9).
 o - a ring of wizardry (right front paw)
 r - an amulet of magic regeneration (around neck)
 x - a ring of poison resistance
Wands
 g - a wand of flame (26)
 s - a wand of iceblast (11)
 z - a wand of mindburst (14)
Scrolls
 c - 3 scrolls of noise
 l - 2 scrolls of enchant weapon
 n - a scroll of amnesia
 p - 6 scrolls of teleportation
 y - a scroll of blinking
Potions
 b - a potion of degeneration
 e - 2 potions of resistance
 i - 5 potions of curing
 j - 3 potions of attraction
 m - a potion of brilliance
 u - a potion of ambrosia
 v - a potion of experience {unknown}


   Skills:
 + Level 7.2 Fighting
 + Level 3.9 Dodging
 * Level 10.0 Unarmed Combat
 - Level 6.2 Spellcasting
 * Level 9.4 Transmutations
 - Level 5.4 Ice Magic
 - Level 2.7 Poison Magic


You had 12 spell levels left.
You knew the following spells:

 Your Spells              Type           Power      Damage    Failure   Level
a - Beastly Appendage     Tmut           88%        N/A       1%          1
b - Spider Form           Tmut/Pois      15%        N/A       1%          3
c - Ice Form              Ice/Tmut       36%        N/A       1%          4

Your spell library contained the following spells:

 Spells                   Type           Power      Damage    Failure   Level
 Wereblood                Tmut           44%        N/A       1%          2
 Animate Skeleton         Necr           12%        N/A       4%          1
 Apportation              Tloc           12%        N/A       4%          1
 Pain                     Necr           24%        1d5       4%          1
 Summon Small Mammal      Summ           24%        N/A       4%          1
 Slow                     Hex            6%         N/A       6%          2
 Static Discharge         Conj/Air       6%         N/A       6%          2
 Confusing Touch          Hex            6%         N/A       12%         3
 Dazzling Flash           Conj/Hex       12%        N/A       12%         3
 Gell's Gravitas          Tloc           3%         N/A       12%         3
 Teleport Other           Tloc           6%         N/A       12%         3
 Vampiric Draining        Necr           3%         2d6       12%         3
 Dispel Undead            Necr           6%         3d8       38%         4
 Iskenderun's Mystic Bla  Conj/Tloc      6%         2d4       38%         4
 Sticky Flame             Conj/Fire      6%         2d3       38%         4
 Dispersal                Tloc           3%         N/A       99%         6
 Starburst                Conj/Fire      3%         6d3       99%         6


Dungeon Overview and Level Annotations

Branches:
Dungeon (11/15)            Temple (1/1) D:7            Lair (0/6) D:11
    Orc (0/2) D:9         Gauntlet (1/1)

Altars:
Ashenzari
Cheibriados
Dithmenos
Elyvilon
Fedhas
Gozag
Hepliaklqana
Kikubaaqudgha
Makhleb
Nemelex Xobeh
Okawaru
Qazlal
Ru
Sif Muna
Trog
Uskayaw
Vehumet
Wu Jian
Xom
Yredelemnul
Zin
The Shining One

Shops:
D:6 *   D:11 *

Annotations:
D:5 2 transporters, Eptagon's ghost, novice DEFE Gauntlet 6 transporters


Innate Abilities, Weirdness & Mutations

You are a creature of crystalline ice.
You have a powerful freezing melee attack.
You are amphibious.
Your maximum health is increased.
Your armour is entirely melded.
You are incapable of wielding weapons or throwing items.
((You can breathe bolts of dispelling energy.))
((Your rich purple scales are hard. (AC +7)))
You cannot fit into any form of body armour.
You are weak. (Str -2)
((You are cold-blooded and may be slowed by cold attacks.))
You are somewhat inexperienced. (-2 XL)


Message History

The floor.
You enter the transporter and appear at another place.
There is a transporter here.
Press: ? - help, v - describe, . - travel, g - get item Item here: a pair of gloves.
The floor.
Unknown command.
You enter the transporter and appear at another place.
Okay, then.
Okay, then.
As you open the door, it creaks loudly!
A minotaur comes into view.
It is wielding the +3 morningstar of Wu Jian's Esteem {freeze, *Noise rCorr Int-3 Stlth+}.
The minotaur bellows!
Found a wand of flame (14).
Found a gate leading back out of this place.
A minotaur is nearby!
A minotaur is nearby!
You fade into invisibility!
You are very lightly contaminated with residual magic.
Casting: Ice Form (dangerous; 1% risk of failure)
Confirm with . or Enter, or press ? or * to list all spells.
You turn into a creature of crystalline ice.
Your +2 dagger of venom melds into your body.
Your +1 cloak melds into your body.
Your +2 dagger of venom stops dripping with poison.
The minotaur hits you with the +3 morningstar of Wu Jian's Esteem {freeze, *Noise rCorr Int-3 Stlth+}!!
You focus your inner power and blind the minotaur in retribution!
The minotaur gores you!
You feel much better.
The minotaur hits you with the +3 morningstar of Wu Jian's Esteem {freeze, *Noise rCorr Int-3 Stlth+}!!!
The minotaur freezes you. The minotaur gores you.
* * * LOW HITPOINT WARNING * * *
The minotaur is no longer blind.
You flicker for a moment.
The minotaur throws a javelin.
The javelin pierces through you!
* * * LOW HITPOINT WARNING * * *
You flicker back into view.
There is an open door here.
The minotaur throws a javelin.
The javelin pierces through you!!
You die...

####### #≈≈≈≈≈#
#≈≈∩≈≈# #≈.Y.≈#
###.### #.....#
#######H#######
#.............#
#.###.###.###.#
#.###.###.###.#
#...........H.#
###.###.###.###


You could see a minotaur.

Vanquished Creatures
  Harold (D:9)
  A mana viper (shapeshifter) (Gauntlet)
  A cyclops (D:8)
  A moth of wrath (Gauntlet)
  An ugly thing (D:7)
  Maggie (D:9)
  A troll (D:9)
  A hornet (D:9)
  Grinder (D:4)
  A wraith (D:9)
  3 yaks (D:10)
  A wyvern (D:10)
  A basilisk (D:11)
  Grum (D:10)
  3 steam dragons
  3 orc warriors
  A sky beast (D:6)
  4 ice beasts
  2 hornet zombies (D:7)
  A swamp drake (shapeshifter) (Gauntlet)
  2 ogres
  5 wolves
  5 centaurs
  2 bullfrogs (D:7)
  A kobold brigand (D:7)
  3 scorpions
  A water moccasin skeleton (D:5)
  6 killer bees
  3 electric eels (D:9)
  4 howler monkeys
  4 centaur zombies
  3 orc priests
  3 hounds
  2 jellies
  Crazy Yiuf (D:7)
  A bullfrog skeleton (D:6)
  A bullfrog zombie (D:5)
  A gnoll shaman (D:7)
  A centaur skeleton (D:6)
  Natasha (thrice) (D:2)
  3 iguanas (D:5)
  3 orc wizards
  2 killer bee zombies
  A mummy (D:5)
  5 gnolls (D:7)
  2 adders (D:3)
  A shadow imp (D:7)
  A white imp (D:4)
  2 ufetubi (D:6)
  An adder skeleton (D:4)
  2 worms
  3 dart slugs
  17 orcs
  5 ball pythons
  6 endoplasms
  2 giant cockroaches
  2 hobgoblins (D:2)
  3 jackals (D:4)
  7 kobolds
  A quokka (D:4)
  2 bats (D:2)
  A frilled lizard (D:3)
  4 goblins
  A hobgoblin zombie (D:5)
  2 kobold zombies (D:5)
  An orc zombie (D:5)
  7 rats
169 creatures vanquished.

Vanquished Creatures (others)
  An orc wizard (D:9)
  A fungus (Gauntlet)
  9 plants (D:9)
11 creatures vanquished.

Grand Total: 180 creatures vanquished

Notes
Turn   | Place    | Note
-------+----------+-------------------------------------------
     0 | D:1      | kae the Draconian Transmuter began the quest for the Orb.
     0 | D:1      | Reached XP level 1. HP: 16/16 MP: 3/3
   375 | D:1      | Found a faded altar of an unknown god.
   442 | D:1      | Reached XP level 2. HP: 5/23 MP: 3/5
  1274 | D:2      | Noticed Natasha
  1284 | D:2      | Killed Natasha
  1285 | D:2      | Reached XP level 3. HP: 23/29 MP: 4/6
  1364 | D:2      | Learned a level 3 spell: Spider Form
  1393 | D:2      | Noticed Natasha
  1402 | D:2      | Killed Natasha
  1403 | D:2      | Reached XP level 4. HP: 12/36 MP: 7/7
  1872 | D:2      | Noticed Natasha
  1881 | D:2      | Killed Natasha
  1882 | D:2      | Reached skill level 4 in Unarmed Combat
  2884 | D:3      | Reached XP level 5. HP: 41/41 MP: 6/8
  2901 | D:3      | Reached skill level 1 in Poison Magic
  3424 | D:4      | Noticed an ogre
  3436 | D:4      | Killed an ogre
  3437 | D:4      | Reached XP level 6. HP: 7/50 MP: 7/10
  3732 | D:4      | Noticed Grinder
  3739 | D:4      | Paralysed by Grinder for 5 turns
  3750 | D:4      | Killed Grinder
  3751 | D:4      | Reached skill level 5 in Unarmed Combat
  3932 | D:4      | Found a stormy altar of Qazlal.
  3932 | D:4      | Found a shadowy altar of Dithmenos.
  4279 | D:4      | Your scales start taking on a rich purple colour.
  4279 | D:4      | Reached XP level 7. HP: 5/57 MP: 10/13
  4782 | D:5      | Entered Level 5 of the Dungeon
  5177 | D:5      | Found a transporter.
  5180 | D:5      | Noticed Eptagon's ghost (novice DEFE)
  5217 | D:5      | Found a transporter.
  5658 | D:5      | Learned a level 4 spell: Ice Form
  6036 | D:6      | Reached skill level 5 in Transmutations
  6164 | D:6      | Found Jelolam's General Store.
  6170 | D:6      | Bought a scroll of teleportation for 33 gold pieces
  6543 | D:6      | Reached skill level 6 in Unarmed Combat
  6543 | D:6      | Reached skill level 1 in Ice Magic
  6543 | D:6      | Reached XP level 8. HP: 25/66 MP: 11/14
  7302 | D:6      | Identified a scroll of acquirement
  7302 | D:6      | Acquired the ring "Nyinuivy" {rElec rPois MP+9 Int+4}
  7677 | D:7      | Reached skill level 5 in Spellcasting
  7831 | D:7      | Found a runed translucent door.
  7832 | D:7      | Noticed Crazy Yiuf
  8271 | D:7      | Reached XP level 9. HP: 73/73 MP: 16/16
  8349 | D:7      | Found a staircase to the Ecumenical Temple.
  8371 | Temple   | Entered the Ecumenical Temple
  8644 | Temple   | Became a worshipper of Ru the Awakened
  8705 | D:7      | Reached skill level 7 in Unarmed Combat
  8757 | D:7      | Noticed a red ugly thing
  8918 | D:7      | Found a burning altar of Makhleb.
  9225 | D:7      | Reached skill level 5 in Fighting
  9722 | D:7      | Killed a red ugly thing
  9812 | D:7      | Killed Crazy Yiuf
 10098 | D:8      | Found an ornate altar of the Wu Jian Council.
 10551 | D:8      | Gained mutation: You are somewhat inexperienced. (-2 XL)
                  | [Ru sacrifice]
 10551 | D:8      | Reached XP level 8. HP: 82/82 MP: 25/25
 10551 | D:8      | Reached XP level 7. HP: 73/73 MP: 24/24
 10551 | D:8      | Reached * piety under Ru
 10735 | D:8      | Reached skill level 5 in Ice Magic
 11184 | D:8      | Noticed a cyclops
 11200 | D:8      | Reached skill level 8 in Unarmed Combat
 11202 | D:8      | Killed a cyclops
 11644 | D:9      | Found a staircase to the Orcish Mines.
 11656 | D:9      | Reached XP level 8. HP: 70/70 MP: 17/17
 12522 | D:9      | Noticed Maggie
 12819 | D:9      | Killed Maggie
 12913 | D:9      | Noticed Harold
 12930 | D:9      | Killed Harold
 12931 | D:9      | Reached skill level 9 in Unarmed Combat
 13432 | D:10     | Entered Level 10 of the Dungeon
 14174 | D:10     | Gained mutation: You are weak. (Str -2) [Ru sacrifice]
 14174 | D:10     | Reached ** piety under Ru
 14239 | D:10     | Noticed Grum
 14256 | D:10     | Killed Grum
 14532 | D:11     | Found Hymotin's General Store.
 14744 | D:11     | Bought a potion of heal wounds for 60 gold pieces
 14744 | D:11     | Bought a scroll of blinking for 90 gold pieces
 14744 | D:11     | Bought a scroll of magic mapping for 42 gold pieces
 14762 | D:11     | Found a staircase to the Lair.
 14762 | D:11     | Noticed an elephant
 14796 | D:11     | Noticed a cyclops
 14799 | D:11     | Found a gate leading to a gauntlet.
 14814 | Gauntlet | Entered a Gauntlet
 14814 | Gauntlet | Noticed a large abomination
 14814 | Gauntlet | Found a transporter.
 14814 | Gauntlet | Found a transporter.
 14814 | Gauntlet | Found a transporter.
 14815 | Gauntlet | Noticed a cane toad
 14837 | Gauntlet | Noticed a mana viper
 14837 | Gauntlet | a tarantella changed into a mana viper
 14847 | Gauntlet | Found a transporter.
 14848 | Gauntlet | Found a transporter.
 14849 | Gauntlet | Noticed a salamander
 14849 | Gauntlet | a mana viper changed into a salamander
 14851 | Gauntlet | Found a transporter.
 14854 | Gauntlet | Noticed a moth of wrath
 14856 | Gauntlet | a salamander changed into a queen bee
 14857 | Gauntlet | Found a transporter.
 14859 | Gauntlet | Found a transporter.
 14860 | Gauntlet | Found a transporter.
 14862 | Gauntlet | Found a transporter.
 14863 | Gauntlet | Noticed a spectral catoblepas
 14867 | Gauntlet | Noticed a death scarab
 14868 | Gauntlet | Noticed a quicksilver ooze
 14868 | Gauntlet | Noticed a death scarab
 14869 | Gauntlet | Noticed a spectral four-headed hydra
 14870 | Gauntlet | Found a transporter.
 14870 | Gauntlet | Noticed a spectral seven-headed hydra
 14871 | Gauntlet | Found a transporter.
 14919 | Gauntlet | Noticed a two-headed ogre
 15030 | Gauntlet | Noticed a faun
 15030 | Gauntlet | a two-headed ogre changed into a faun
 15035 | Gauntlet | Noticed a mana viper
 15035 | Gauntlet | a faun changed into a mana viper
 15050 | Gauntlet | Killed a mana viper
 15051 | Gauntlet | Reached XP level 9. HP: 78/79 MP: 15/18
 15106 | Gauntlet | Identified the +1 helmet of Ennui {Fly}
 15116 | Gauntlet | Identified the +5 short sword of Animal Spirits {flame, rC+
                  | rN+}
 15144 | Gauntlet | Reached skill level 10 in Unarmed Combat
 15264 | Gauntlet | Identified the +3 morningstar of Wu Jian's Esteem {freeze,
                  | *Noise rCorr Int-3 Stlth+}
 15264 | Gauntlet | Noticed a minotaur
 15285 | Gauntlet | Hit by a javelin thrown by a minotaur

Illustrated notes

Levels and vault maps discovered:
D:1:      wander_arrival_estate, layout_rooms, ebering_ecumenical_altar_webs,
          kennysheep_doodads, minmay_misc_feat_nine_boxes
D:2:      layout_basic, uniq_natasha
D:3:      layout_rooms, hangedman_decor_riveting
D:4:      layout_loops_ring, grunt_temple_overflow_open,
          minmay_misc_feat_pillars, uniq_grinder
D:5:      layout_gridville, gammafunk_ghost_arena, minmay_mini_ossuary
D:6:      layout_cave_pods, serial_shops, shop_statue, minmay_fractal_squares_5
D:7:      layout_layer_cave, mainiacjoe_overflow_alcove_4,
          minmay_temple_entry_trees, minmay_misc_feat_square,
          uniq_crazy_yiuf_cottage
D:8:      layout_layer_cave, mainiacjoe_overflow_cross_hatched
D:9:      layout_long_grid, orc_0_dummy, chequers_big_river,
          minmay_misc_feat_columns, uniq_maggie, uniq_harold
D:10:     layout_loops_cross, uniq_grum
D:11:     layout_irregular_city, david_lair_generic, serial_shops, shop,
          gauntlet_entry_generic, hex_medium
Temple:   regret_index_temple_mists
Gauntlet: minmay_gauntlet_mixed_big_or_small [nicolae_gauntlet_arena_t_cross,
          minmay_gauntlet_arena_77_museum, nicolae_gauntlet_arena_flowing_pool,
          minmay_gauntlet_arena_77_mess, nicolae_gauntlet_arena_x,
          minmay_gauntlet_arena_77_broken_ladder, gauntlet_exit_watery]

Skill      XL: |  1  2  3  4  5  6  7  8  9 |
---------------+----------------------------+-----
Fighting       | 2 3 4 7 5 |  7.2
Unarmed Combat | 4 5 8 9 10 | 10.0
Transmutations | 3 4 5 9 7 |  9.4
Poison Magic   | 1 2 |  2.7
Spellcasting   | 4 6 5 |  6.2
Ice Magic      | 5 3 4 |  5.4
Dodging        | 3 |  3.9

Action                   |  1- 3 |  4- 6 |  7- 9 || total
-------------------------+-------+-------+-------++-------
Melee: Unarmed           |    27 |    36 |   375 ||   438
       Kick              |     8 |    14 |     2 ||    24
       Tailslap          |     2 |     9 |    13 ||    24
       Dagger            |    30 |    65 |    73 ||   168
       Headbutt          |     5 |     4 |     1 ||    10
       Punch             |       |     2 |     4 ||     6
 Cast: Beastly Appendage |    18 |    16 |     3 ||    37
       Spider Form       |       |     6 |    24 ||    30
       Ice Form          |       |       |    35 ||    35
Invok: Sacrifice Experie |       |       |     1 ||     1
       Sacrifice Purity  |       |       |     1 ||     1
 Abil: Breathe Dispellin |       |       |    14 ||    14
       End Transformatio |       |       |     1 ||     1
Evoke: Wand              |       |       |     7 ||     7
  Use: Potion            |     1 |       |     6 ||     7
       Scroll            |       |     7 |    15 ||    22
 Stab: Sleeping          |       |       |     2 ||     2
       Distracted        |       |       |     1 ||     1
Armor: Skin              |    20 |    29 |   109 ||   158
Dodge: Dodged            |    31 |    64 |   350 ||   445

Table legend: (Time is in decaauts)
 A = Elapsed time spent in this place.
 B = Non-inter-level travel time spent in this place.
 C = Inter-level travel time spent in this place.
 D = Time resting spent in this place.
 E = Time spent auto-exploring this place.
 F = Levels seen in this place.
 G = Mean time per level.
                   A        B        C        D        E       F      G
               +--------+--------+--------+--------+--------+-----+--------+
         Total |  15297 |  14904 |    393 |    900 |  12191 |  13 | 1176.7 |
       Dungeon |  14492 |  14164 |    328 |    843 |  11667 |  11 | 1317.5 |
        Temple |    348 |    284 |     64 |      0 |    262 |   1 |  348.0 |
      Gauntlet |    455 |    455 |      0 |     57 |    261 |   1 |  455.0 |
               +--------+--------+--------+--------+--------+-----+--------+

Top non-repeatable levels by time:
     D:7: 2090 daAuts
     D:4: 1817 daAuts
     D:9: 1788 daAuts
     D:8: 1751 daAuts
     D:6: 1514 daAuts
     D:2: 1414 daAuts
     D:5: 1164 daAuts
    D:10: 1082 daAuts
     D:1: 824 daAuts
     D:3: 752 daAuts
Gauntlet: 455 daAuts
  Temple: 348 daAuts
    D:11: 292 daAuts
